 Dungeon Crawl Stone Soup version 0.32-a0-163-g159c032296 (webtiles) character file.

Game seed: 13196086998399433783

81 sasquatch the Trooper (level 4, -9/49 HPs)
             Began as an Oni Hunter on Feb 12, 2024.
             Succumbed to a water moccasin's poison
             ... on level 3 of the Dungeon.
             The game lasted 00:03:50 (1421 turns).

sasquatch the Trooper (Oni Hunter)                  Turns: 1421, Time: 00:03:51

Health: -9/49      AC:  4    Str: 17    XL:     4   Next: 42%
Magic:  4/4        EV: 10    Int: 10    God:
Gold:   153        SH:  0    Dex: 12    Spells: 3/3 levels left

rFire   + . .        f - +0 spear
rCold   . . .        (no shield)
rNeg    . . .        c - +0 robe
rPois   .            (helmet restricted)
rElec   .            g - +0 cloak {rCorr}
rCorr   +            (gloves unavailable)
SInv    .            (boots unavailable)
Will    .....        h - amulet of regeneration
Stlth   +            e - ring of protection from fire
HPRegen 1.08/turn    (no ring)
MPRegen 0.09/turn

%: no passive effects
@: lethally poisoned (-9 -> -48)
A: large, unfitting armour, horns 1, tough skin 1, double potion healing,
drunken brawling
a: no special abilities


You were on level 3 of the Dungeon.
You visited 1 branch of the dungeon, and saw 3 of its levels.

You collected 153 gold pieces.

Inventory:

Hand Weapons
 a - a +0 shortbow
 f - a +0 spear (weapon)
 i - a +0 glaive
Armour
 c - a +0 robe (worn)
 d - a +0 cloak
 g - a +0 cloak of preservation (worn)
Jewellery
 e - a ring of protection from fire (left hand)
 h - an amulet of regeneration (around neck)
Scrolls
 m - a scroll of immolation


   Skills:
 + Level 4.6 Fighting
 + Level 3.7 Ranged Weapons
 - Level 1.7 Dodging
 - Level 0.6 Stealth


You had 3 spell levels left.
You didn't know any spells.
Your spell library was empty.

Dungeon Overview and Level Annotations

Branches:
Dungeon (3/15)

Altars:
Vehumet

Shops:
D:3 (


Innate Abilities, Weirdness & Mutations

You are too large for most types of armour.
You have a pair of small horns on your head.
You have tough skin. (AC +1)
You gain doubled healing and magic from potions.
Whenever you drink a healing potion, you attack all around you.


Message History

The water moccasin bites you but does no damage.
You closely miss the water moccasin.
You feel very sick. The water moccasin bites you.
You closely miss the water moccasin. You headbutt the water moccasin.
The water moccasin is lightly wounded.
You feel very sick. The water moccasin bites you.
You are more poisoned.
The water moccasin poisons you! The water moccasin bites you.
You are more poisoned.
The water moccasin poisons you!
You aren't carrying any potions.
Unknown command.
Okay, then.
You miss the water moccasin. You headbutt the water moccasin.
The water moccasin is moderately wounded.
You feel extremely sick. The water moccasin bites you.
You puncture the water moccasin!
The water moccasin is heavily wounded.
You feel extremely sick. The water moccasin bites you.
* * * LOW HITPOINT WARNING * * *
You are more poisoned.
The water moccasin poisons you! The water moccasin closely misses you.
You hit the water moccasin but do no damage.
Your headbutt misses the water moccasin.
The water moccasin is heavily wounded.
* * * LOW HITPOINT WARNING * * *
You feel extremely sick. The water moccasin bites you.
* * * LOW HITPOINT WARNING * * *
You are more poisoned.
The water moccasin poisons you!
Unknown command.
You hit the water moccasin.
Your headbutt misses the water moccasin.
The water moccasin is severely wounded.
You die...

#################.# #.#
########## #.#
........######.#
#.........##...
#.#######......
#.#.....#.##...
##########.#.....#.###.#
.....KS@...#.._..'.# #[#
..########.#.....#.# #.#
#.#.....#.# #..
#.#######.# ##.
#.........####.
###............
#.......###.. ###...###
#.. #...# #..


You could see a water moccasin and a kobold.

Vanquished Creatures
  Crazy Yiuf (D:2)
  An adder (D:2)
  A dart slug (D:1)
  6 endoplasms
  2 giant cockroaches
  3 hobgoblins
  3 jackals (D:1)
  3 kobolds
  A quokka (D:2)
  8 ball pythons
  5 bats
  2 frilled lizards
  2 goblins
  4 rats
42 creatures vanquished.

Notes
Turn   | Place    | Note
-------+----------+-------------------------------------------
     0 | D:1      | sasquatch the Oni Hunter began the quest for the Orb.
     0 | D:1      | Reached XP level 1. HP: 22/22 MP: 1/1
   101 | D:1      | Reached skill level 3 in Fighting
   124 | D:1      | Reached XP level 2. HP: 27/31 MP: 2/2
   481 | D:2      | Reached XP level 3. HP: 39/39 MP: 3/3
   603 | D:2      | Reached skill level 4 in Fighting
   612 | D:2      | Found a runed translucent door.
   613 | D:2      | Noticed Crazy Yiuf
   997 | D:2      | Paralysed by Crazy Yiuf for 1 turns
  1003 | D:2      | Killed Crazy Yiuf
  1004 | D:2      | Reached XP level 4. HP: 33/49 MP: 4/4
  1101 | D:3      | Found a radiant altar of Vehumet.
  1117 | D:3      | Noticed a water moccasin
  1315 | D:3      | Found Heryr's Antique Weapon Shoppe.
  1412 | D:3      | Identified a scroll of acquirement
  1412 | D:3      | Acquired the +4 hat of the Orcish Mines {^Contam rElec rN+}
  1420 | D:3      | HP: 2/49 [poisoned by a water moccasin]
  1421 | D:3      | Succumbed to a water moccasin's poison

Illustrated notes

Levels and vault maps discovered:
D:1:      spicycebolla_arrival_ecumenical, layout_basic, serial_glass,
          glass_columns_a, glass_columns_a
D:2:      layout_basic, uniq_crazy_yiuf_cottage
D:3:      layout_loops_ring, amcnicky_altar_gilded, serial_shops,
          nicolae_shop_real_fake_doors

Skill      XL: |  1  2  3 |
---------------+----------+-----
Ranged Weapons | 3 |  3.7
Fighting       | 3 4 |  4.6
Dodging        | |  1.7
Stealth        | |  0.6

Action                     |  1- 3 |  4- 6 || total
---------------------------+-------+-------++-------
  Melee: Glaive            |     7 |       ||     7
         Spear             |       |     8 ||     8
         Headbutt          |       |     2 ||     2
   Fire: Shortbow          |    94 |    19 ||   113
    Use: Potion            |     2 |       ||     2
         Scroll            |       |     4 ||     4
 Armour: Robe              |    42 |    14 ||    56
         Skin              |    14 |       ||    14
  Dodge: Dodged            |    32 |     6 ||    38

Table legend: (Time is in decaauts)
 A = Elapsed time spent in this place.
 B = Non-inter-level travel time spent in this place.
 C = Inter-level travel time spent in this place.
 D = Time resting spent in this place.
 E = Time spent auto-exploring this place.
 F = Levels seen in this place.
 G = Mean time per level.
                   A        B        C        D        E       F      G
               +--------+--------+--------+--------+--------+-----+--------+
         Total |   1457 |   1337 |    120 |     23 |   1006 |   3 |  485.7 |
       Dungeon |   1457 |   1337 |    120 |     23 |   1006 |   3 |  485.7 |
               +--------+--------+--------+--------+--------+-----+--------+

Top non-repeatable levels by time:
     D:2: 707 daAuts
     D:1: 434 daAuts
     D:3: 315 daAuts
